 Dungeon Crawl Stone Soup version 0.25-a0-697-g890751e744 (webtiles) character file.

Game seed: 462709934718925844, levelgen mode: deterministic

66 Ashen the Skirmisher (level 4, -2/37 HPs)
             Began as a Formicid Abyssal Knight on Apr 1, 2020.
             Was a Follower of Lugonu.
             Slain by a bullfrog skeleton (3 damage)
             ... on level 4 of the Dungeon.
             The game lasted 00:04:15 (1891 turns).

Ashen the Skirmisher (Formicid Abyssal Knight)      Turns: 1891, Time: 00:04:16

Health: -2/37      AC:  3    Str: 16 (17) XL:     4   Next: 37%
Magic:  6/6        EV: 11    Int: 11      God:    Lugonu [*.....]
Gold:   64         SH:  0    Dex: 10 (11) Spells: 3/3 levels left

rFire    . . .     SeeInvis +   a - +1 falchion
rCold    . . .     Gourm    .   (no shield)
rNeg     . . .     Faith    .   b - +0 leather armour
rPois    .         Spirit   .   (helmet unavailable)
rElec    .         Reflect  .   (no cloak)
rCorr    .         Harm     .   (no gloves)
MR       .....                  (no boots)
Stlth    +.........             (no amulet)
HPRegen  0.12/turn              (no ring)
MPRegen  0.10/turn              (no ring)

@: no status effects
A: permanent stasis, dig shafts and tunnels, four strong arms, antennae 3
a: Dig, Shaft Self, Depart the Abyss, Renounce Religion


You were on level 4 of the Dungeon.
You worshipped Lugonu.
Lugonu was aware of your devotion.
You were not hungry.

You visited 1 branch of the dungeon, and saw 4 of its levels.
You visited the Abyss 1 time.

You collected 64 gold pieces.

Inventory:

Hand Weapons
 a - a +1 falchion (weapon)
Armour
 b - a +0 leather armour (worn)
Jewellery
 d - an uncursed ring of poison resistance
Scrolls
 e - a scroll of blinking
 f - a scroll of identify {unknown}
 g - a scroll of remove curse {unknown}
 h - a scroll of enchant armour {unknown}
 i - a scroll of noise {unknown}
 j - a scroll of magic mapping {unknown}
Comestibles
 c - 3 rations
 k - a chunk of flesh


   Skills:
 + Level 3.7 Fighting
 + Level 2.5 Long Blades
 + Level 2.8 Armour
 + Level 1.6 Dodging
 + Level 3.0 Invocations


You had 3 spell levels left.
You didn't know any spells.
Your spell library was empty.

Dungeon Overview and Level Annotations

Branches:
Dungeon (3/15)

Altars:

Annotations:
D:2 Robin


Innate Abilities, Weirdness & Mutations

You cannot be hasted, slowed, berserked, paralysed or teleported.
You can dig through walls and to a lower floor.
Your four strong arms can wield two-handed weapons with a shield.
You have a pair of large antennae on your head. (SInv)


Message History

You miss the leopard gecko. The leopard gecko bites you.
You closely miss the leopard gecko. The leopard gecko barely misses you.
You riposte.
You hit the leopard gecko.
You kill the leopard gecko!
Lugonu accepts your kill.
You see here 22 stones.
A bullfrog skeleton comes into view.
Found 15 stones.
The bullfrog skeleton hits you. x2
You hit the bullfrog skeleton.
The bullfrog skeleton is moderately damaged.
The bullfrog skeleton hits you but does no damage.
The ogre hits you with a +0 giant club!
* * * LOW HITPOINT WARNING * * *
You hit the bullfrog skeleton.
The bullfrog skeleton is heavily damaged.
The bullfrog skeleton hits you.
* * * LOW HITPOINT WARNING * * *
The bullfrog skeleton hits you.
You die...

####.## ....... .......
#....... #.......
........ .####.# .##
#.## ######(#.. ..###..#
#####O@Z......
#..###.####.....####....
#...........##### #
#..####†#####
#..(O...#######
#####..........
......#.#...###
#######..##..# ##... .#


You could see an ogre and a bullfrog skeleton.

Vanquished Creatures
  A worker ant (D:4)
  A gnoll (D:1)
  2 dart slugs (D:1)
  2 leopard geckos
  A giant cockroach (D:1)
  5 hobgoblins (D:1)
  4 kobolds (D:1)
  A ball python (D:2)
  4 bats (D:1)
  3 goblins (D:1)
  2 rats
26 creatures vanquished.

Notes
Turn   | Place    | Note
-------+----------+-------------------------------------------
     0 | Abyss:1  | Ashen the Formicid Abyssal Knight began the quest for the
                  | Orb.
     0 | Abyss:1  | Reached XP level 1. HP: 18/18 MP: 2/2
    50 | D:1      | Escaped the Abyss
   103 | D:1      | Reached skill level 1 in Dodging
   239 | D:1      | Reached XP level 2. HP: 23/24 MP: 3/3
   498 | D:1      | Reached XP level 3. HP: 6/29 MP: 4/4
   829 | D:1      | Reached ** piety under Lugonu
  1264 | D:2      | Noticed Robin
  1271 | D:2      | You fall into a shaft and drop 1 floor!
  1428 | D:3      | You fall into a shaft and drop 1 floor!
  1761 | D:4      | Reached XP level 4. HP: 26/37 MP: 6/6
  1864 | D:4      | Noticed an ogre
  1891 | D:4      | HP: 1/37 [bullfrog skeleton (2)]
  1891 | D:4      | Slain by a bullfrog skeleton

Levels and vault maps discovered:
D:1:      dpeg_arrival_snail, layout_basic, minmay_misc_feat_diagonals,
          minmay_pentomino_z2
D:2:      layout_basic, lemuel_crystal_altar, uniq_robin
D:3:      wad_lake_hut, layout_rooms, grunt_temple_overflow_forces_of_nature,
          kennysheep_ying_yang, trog_book
D:4:      layout_rooms, first_ration, skrybe_limestone_x

Skill      XL: |  1  2  3 |
---------------+----------+-----
Dodging        | 1 |  1.6
Invocations    | 3 |  3.0
Fighting       | |  3.7
Long Blades    | |  2.5
Armour         | |  2.8

Action                   |  1- 3 |  4- 6 || total
-------------------------+-------+-------++-------
Melee: Falchion          |    76 |    10 ||    86
 Abil: Shaft Self        |     2 |       ||     2
  Use: Potion            |     2 |       ||     2
       Scroll            |     1 |       ||     1
  Eat: Chunk             |     3 |     1 ||     4
Armor: Leather armour    |    18 |     2 ||    20
Dodge: Dodged            |    48 |     8 ||    56
       Rpst.: Falchion   |    14 |     2 ||    16

Table legend:
 A = Non-vault XP
 B = Vault XP
 C = Vault XP percentage of total XP
 D = Non-vault monster count
 E = Vault monster count
 F = Vault count percentage of total count
                 A         B        C        D         E       F
            +---------+---------+-------+---------+---------+-------
      Total |      89 |       6 |   6.3 |      24 |       2 |   7.7
            +---------+---------+-------+---------+---------+-------
        D:1 |      47 |       6 |  11.3 |      19 |       2 |   9.5
        D:2 |       4 |       0 |   0.0 |       2 |       0 |   0.0
        D:3 |       1 |       0 |   0.0 |       1 |       0 |   0.0
        D:4 |      37 |       0 |   0.0 |       2 |       0 |   0.0
            +---------+---------+-------+---------+---------+-------
